 Dungeon Crawl Stone Soup version 0.26.1-11-gd32895ea62 (webtiles) character file.

Game seed: 12639018629054638978

785 dtburroughs the Skirmisher (level 7, -2/62 HPs)
             Began as a Minotaur Berserker on June 26, 2021.
             Was a Priest of Trog.
             Slain by a water moccasin skeleton (3 damage)
             ... on level 6 of the Dungeon.
             The game lasted 00:07:45 (5977 turns).

dtburroughs the Skirmisher (Minotaur Berserker)     Turns: 5977, Time: 00:07:45

Health: -2/62      AC:  9    Str: 21    XL:     7   Next: 56%
Magic:  6/6        EV:  9    Int: 12    God:    Trog [***...]
Gold:   268        SH:  0    Dex: 10    Spells: 6/6 levels left

rFire    . . .     SeeInvis .   A - +0 great mace
rCold    . . .     Faith    .   (shield currently unavailable)
rNeg     . . .     Spirit   .   r - +0 chain mail
rPois    .         Reflect  .   (helmet restricted)
rElec    .         Harm     .   (no cloak)
rCorr    .         Rampage  .   (no gloves)
Will     .....                  (no boots)
Stlth    ..........             o - amulet of magic regeneration
HPRegen  0.20/turn              n - +6 ring of intelligence
MPRegen  0.35/turn              (no ring)

@: no status effects
A: retaliatory headbutt, horns 2
a: Renounce Religion, Berserk, Trog's Hand


You were on level 6 of the Dungeon.
You worshipped Trog.
Trog was most pleased with you.
You visited 1 branch of the dungeon, and saw 6 of its levels.

You collected 268 gold pieces.

Inventory:

Hand Weapons
 a - a +0 hand axe
 q - a +0 morningstar
 A - a +0 great mace (weapon)
Armour
 h - a +2 ring mail of fire resistance
 r - a +0 chain mail (worn)
 y - a cursed -2 chain mail
 C - a +0 cloak
Jewellery
 n - a +6 ring of intelligence (left hand)
 o - an amulet of magic regeneration (around neck)
Wands
 m - a wand of enslavement (14)
Scrolls
 d - 2 scrolls of identify {unknown}
 g - 6 scrolls of fog {unknown}
 j - 4 scrolls of remove curse {unknown}
 k - a scroll of blinking {unknown}
 s - a scroll of immolation {unknown}
 t - 3 scrolls of teleportation {unknown}
 u - a scroll of enchant weapon {unknown}
 v - a scroll of fear {unknown}
 z - a scroll of random uselessness {unknown}
 B - a scroll of magic mapping {unknown}
Potions
 b - a potion of attraction {unknown}
 c - 2 potions of curing {unknown}
 e - a potion of degeneration {unknown}
 f - a potion of brilliance {unknown}
 i - 2 potions of flight {unknown}
 l - 3 potions of lignification {unknown}
 p - a potion of magic {unknown}
 w - a potion of mutation {unknown}
 x - 2 potions of resistance {unknown}


   Skills:
 + Level 5.9 Fighting
 + Level 5.9 Axes
 + Level 5.1 Armour
 + Level 4.7 Dodging
 + Level 2.7 Evocations


You had 6 spell levels left.
You didn't know any spells.
Your spell library was empty.

Dungeon Overview and Level Annotations

Branches:
Dungeon (6/15)
 Temple: D:4-7

Altars:
Gozag
Okawaru
Sif Muna

Annotations:
D:4 1 runed translucent door, Ekaitz's ghost, amateur DsEE


Innate Abilities, Weirdness & Mutations

You reflexively headbutt those who attack you in melee.
You have a pair of horns on your head.


Message History

The water moccasin skeleton closely misses you.
You closely miss the orc. Your headbutt misses the orc.
The orc is moderately wounded.
The water moccasin skeleton closely misses you.
The orc hits you but does no damage.
The water moccasin skeleton bites you but does no damage.
You barely miss the orc. You headbutt the orc.
You kill the orc!
Trog accepts your kill.
The water moccasin skeleton bites you but does no damage.
The water moccasin skeleton bites you.
* * * LOW HITPOINT WARNING * * *
Items here: )))) [ †††.
You hit the water moccasin skeleton.
You headbutt the water moccasin skeleton.
The water moccasin skeleton is lightly damaged.
The water moccasin skeleton bites you.
* * * LOW HITPOINT WARNING * * *
The water moccasin skeleton bites you.
You die...

.. # #. .. #. # ...
##. .##
#..#..########..###
.##................#
..........###.......
.......<.@Z.†.......
..........###......#
.########## ..(....
......# ......#
....(.# ......#
#######


You could see a water moccasin skeleton.

Vanquished Creatures
  An ice beast (D:5)
  A sky beast (D:5)
  A bullfrog (D:6)
  A bullfrog zombie (D:5)
  2 hounds
  3 orc priests
  An iguana (D:5)
  2 orc wizards
  2 worker ants (D:4)
  A hound skeleton (D:5)
  8 adders
  An adder skeleton (D:4)
  A worm (D:2)
  4 dart slugs
  A leopard gecko (D:4)
  23 orcs
  6 giant cockroaches
  6 goblins
  6 hobgoblins
  10 jackals
  3 quokkas
  14 bats
  5 frilled lizards
  A giant cockroach zombie (D:6)
  4 kobolds
  6 rats
114 creatures vanquished.

Notes
Turn   | Place    | Note
-------+----------+-------------------------------------------
     0 | D:1      | dtburroughs the Minotaur Berserker began the quest for the
                  | Orb.
     0 | D:1      | Reached XP level 1. HP: 19/19 MP: 0/0
   267 | D:1      | Reached XP level 2. HP: 27/27 MP: 1/1
  1443 | D:2      | Found an opulent altar of Gozag.
  1563 | D:2      | Reached XP level 3. HP: 28/33 MP: 2/2
  1633 | D:2      | Reached ** piety under Trog
  2036 | D:3      | Found an iron altar of Okawaru.
  2567 | D:3      | Reached XP level 4. HP: 40/40 MP: 3/3
  3063 | D:3      | Found a shimmering blue altar of Sif Muna.
  3084 | D:3      | Reached XP level 5. HP: 47/47 MP: 4/4
  3330 | D:3      | Reached skill level 1 in Evocations
  3672 | D:4      | Reached *** piety under Trog
  3677 | D:4      | Reached skill level 5 in Axes
  3731 | D:4      | Found a runed translucent door.
  3731 | D:4      | Noticed Ekaitz's ghost (amateur DsEE)
  3793 | D:4      | Reached skill level 5 in Fighting
  3793 | D:4      | Reached XP level 6. HP: 50/56 MP: 5/5
  4325 | D:5      | Entered Level 5 of the Dungeon
  4418 | D:5      | Noticed a sky beast
  4454 | D:5      | HP: 4/84 [something (5)]
  4455 | D:5      | Killed a sky beast
  4768 | D:5      | Reached XP level 7. HP: 20/61 MP: 6/6
  5676 | D:5      | Reached skill level 5 in Armour
  5977 | D:6      | HP: 1/62 [water moccasin skeleton (6)]
  5977 | D:6      | Slain by a water moccasin skeleton

Illustrated notes

Levels and vault maps discovered:
D:1:      kilobyte_arrival_exit_the_forest, layout_basic
D:2:      layout_basic, grunt_gozag_breadcrumbs
D:3:      layout_basic, okawaru_gym_becter, general_overflow_altar
D:4:      layout_loops_ring, ebering_ghost_sewer_d
D:5:      layout_loops_ring
D:6:      lemuel_ice_spiral_2, layout_rooms, kennysheep_mini,
          cheibrodos_worm_habitat, minmay_temple_entry_overgrown, serial_shops,
          nicolae_shop_behind_doors, shop

Skill      XL: |  1  2  3  4  5  6  7 |
---------------+----------------------+-----
Fighting       | 4 5 |  5.9
Axes           | 4 5 |  5.9
Armour         | 3 4 5 |  5.1
Dodging        | 3 4 |  4.7
Evocations     | 1 2 |  2.7

Action                   |  1- 3 |  4- 6 |  7- 9 || total
-------------------------+-------+-------+-------++-------
Melee: Hand axe          |    74 |       |       ||    74
       Headbutt          |    11 |    21 |    11 ||    43
       Morningstar       |    12 |   140 |    37 ||   189
       Great mace        |       |       |    20 ||    20
Invok: Berserk           |     1 |     2 |     1 ||     4
       Trog's Hand       |       |     2 |     1 ||     3
Armor: Animal skin       |    22 |       |       ||    22
       Chain mail        |     6 |    78 |    56 ||   140
Dodge: Dodged            |    76 |    95 |    32 ||   203
